 Dungeon Crawl Stone Soup version 0.30-a0-857-gcaf70739d4 (webtiles) character file.

Game seed: 339617399804982864

2182 avis the Skirmisher (level 8, -4/66 HPs)
             Began as a Demigod Ice Elementalist on Mar 5, 2023.
             Slain by a two-headed ogre
             ... wielding a +0 giant club
              (18 damage)
             ... on level 6 of the Dungeon.
             The game lasted 00:42:55 (5761 turns).

avis the Skirmisher (Demigod Ice Elementalist)      Turns: 5761, Time: 00:42:56

Health: -4/66      AC: 14    Str:  9    XL:     8   Next: 87%
Magic:  4/15       EV: 11    Int: 17    God:
Gold:   294        SH:  0    Dex: 22    Spells: 6/13 levels left

rFire   . . .      SeeInvis +    b - +0 sling
rCold   + . .      Faith    .    (no shield)
rNeg    . . .      Spirit   .    v - +0 swamp dragon scales
rPois   +          Reflect  .    I - +2 hat
rElec   .          Rampage  .    (no cloak)
rCorr   .                        (no gloves)
Will    .....                    y - +1 pair of boots
Stlth   ++                       u - amulet of regeneration
HPRegen 1.11/turn                g - ring of protection from cold
MPRegen 0.14/turn                D - ring of see invisible

@: ice-armoured, freezing walls
A: high MP 1, forlorn, divine attributes
a: no special abilities


You were on level 6 of the Dungeon.
You visited 2 branches of the dungeon, and saw 7 of its levels.

You collected 360 gold pieces.
You spent 66 gold pieces at shops.

Inventory:

Hand Weapons
 a - a +2 whip of electrocution
 b - a +0 sling (weapon)
 c - a +2 dagger of speed
 n - a +0 broad axe
 w - a +2 falchion of holy wrath
Missiles
 o - 2 throwing nets
Armour
 h - a +1 robe of willpower
 v - +0 swamp dragon scales (worn)
 y - a +1 pair of boots (worn)
 C - a +0 tower shield
 E - a +1 leather armour of fire resistance
 I - a +2 hat (worn)
Jewellery
 g - a ring of protection from cold (left hand)
 u - an amulet of regeneration (around neck)
 D - a ring of see invisible (right hand)
Wands
 i - a wand of flame (18)
 j - a wand of mindburst (12)
 l - a wand of polymorph (9)
 t - a wand of charming (8)
Scrolls
 f - a scroll of amnesia {unknown}
 m - a scroll of vulnerability {unknown}
 q - 3 scrolls of poison {unknown}
 r - a scroll of enchant weapon {unknown}
 s - a scroll of immolation {unknown}
 x - a scroll of noise {unknown}
 z - 2 scrolls of fog {unknown}
 B - 2 scrolls of teleportation {unknown}
 F - a scroll of magic mapping {unknown}
Potions
 d - 4 potions of might
 e - 2 potions of curing
 k - 2 potions of heal wounds {unknown}
 p - a potion of flight
 A - a potion of cancellation {unknown}
 G - a potion of brilliance
 J - a potion of attraction {unknown}
 M - a potion of berserk rage {unknown}
Miscellaneous
 H - a piece from Xom's chessboard (15/15)


   Skills:
 * Level 3.8 Fighting
 - Level 8.0 Ranged Weapons
 - Level 3.0 Dodging
 - Level 3.0 Stealth
 - Level 3.0 Spellcasting
 - Level 6.0 Ice Magic


You had 6 spell levels left.
You knew the following spells:

 Your Spells              Type           Power      Damage    Failure   Level
a - Freeze                Ice            88%        1d9       4%          1
o - Ozocubu's Armour      Ice            22%        N/A       12%         3
r - Frozen Ramparts       Ice            44%        1d7       12%         3

Your spell library contained the following spells:

 Spells                   Type           Power      Damage    Failure   Level
 Necrotise                Necr           8%         1d4       43%         1
 Summon Ice Beast         Ice/Summ       12%        N/A       80%         4
 Vampiric Draining        Necr           2%         2d6       82%         3
 Cause Fear               Hex            1%         N/A       99%         4
 Agony                    Necr           2%         N/A       100%        5
 Dragon Form              Tmut           1%         N/A       100%        7
 Dragon's Call            Summ           1%         N/A       100%        9


Dungeon Overview and Level Annotations

Branches:
Dungeon (6/15)             Temple (1/1) D:5

Shops:
D:2 *


Innate Abilities, Weirdness & Mutations

You have an increased reservoir of magic. (+10% MP)
You shall have no god before yourself.
Your divine heritage dramatically boosts your attributes as you level up.


Message History

The walls around you are covered in ice.
The wall freezes the hound. x2
You kill the hound!
Fire: b) +0 sling
Press: ? - help, Q - select action, (/) - cycle Shift-Dir - straight line, f - two-headed ogre
Aim: a two-headed ogre, wielding two +0 giant clubs (moderately wounded, 79% to hit)
You shoot a sling bullet.
The sling bullet hits the two-headed ogre!
The two-headed ogre is heavily wounded.
The wall freezes the two-headed ogre but does no damage.
The two-headed ogre hits you with a +0 giant club.
The two-headed ogre hits you with a +0 giant club!
Fire: b) +0 sling
Press: ? - help, Q - select action, (/) - cycle Shift-Dir - straight line, f/p - two-headed ogre
Aim: a two-headed ogre, wielding two +0 giant clubs (heavily wounded, 79% to hit)
You shoot a sling bullet.
The sling bullet hits the two-headed ogre.
The two-headed ogre is heavily wounded.
The wall freezes the two-headed ogre.
The two-headed ogre hits you with a +0 giant club!
The two-headed ogre hits you with a +0 giant club!!
* * * LOW HITPOINT WARNING * * *
You feel better.
The wall freezes the two-headed ogre.
The two-headed ogre misses you.
The two-headed ogre hits you but does no damage.
Fire: b) +0 sling
Press: ? - help, Q - select action, (/) - cycle Shift-Dir - straight line, f/p - two-headed ogre
Aim: a two-headed ogre, wielding two +0 giant clubs (severely wounded, 79% to hit)
You shoot a sling bullet.
The sling bullet hits the two-headed ogre but does no damage.
The two-headed ogre is severely wounded.
Fire: b) +0 sling
Press: ? - help, Q - select action, (/) - cycle Shift-Dir - straight line, f/p - two-headed ogre
Aim: a two-headed ogre, wielding two +0 giant clubs (severely wounded, 79% to hit)
You shoot a sling bullet.
The sling bullet hits the two-headed ogre.
The two-headed ogre is severely wounded.
The wall freezes the two-headed ogre.
The two-headed ogre hits you with a +0 giant club!!
You die...

##.# #..# ##.## #.##
....# ##.# #.#.# #..#
### # #.#.# #.##
####.. .# #...####.#
.##..# #. ##...##..#
##..#.8 (#
###.....####..##O##$#
..#.##....##.##8@.#
#.#.#..##.##..†...#
#.....###....###+##$#
###.....##.....# #?#
##...##.##.#.### ##.
....###....#..# o.#
.##.###...))..#
#######
###.#....###..###...#
.[......## #.))###..#


You could see a two-headed ogre and an orc wizard.

Vanquished Creatures
  Pikel (D:5)
  Maggie (D:6)
  Eustachio (D:4)
  A steam dragon (D:6)
  An ice beast (D:6)
  Duvessa (D:5)
  A black bear (D:6)
  An ogre (D:4)
  A scorpion (D:6)
  A jelly (D:4)
  Dowan (D:5)
  A killer bee (D:6)
  3 hounds
  An orc priest (D:4)
  Ijyb (D:3)
  A sleepcap (D:6)
  4 iguanas
  4 orc wizards
  Robin (D:4)
  11 adders
  3 worms
  5 dart slugs
  17 orcs
  8 ball pythons
  3 bats
  5 endoplasms
  4 giant cockroaches
  23 goblins
  9 hobgoblins
  5 jackals
  3 quokkas
  2 frilled lizards
  10 kobolds
  10 rats
  2 butterflies (D:5)
147 creatures vanquished.

Vanquished Creatures (others)
  A withered plant (D:6)
1 creature vanquished.

Grand Total: 148 creatures vanquished

Notes
Turn   | Place    | Note
-------+----------+-------------------------------------------
     0 | D:1      | avis the Demigod Ice Elementalist began the quest for the
                  | Orb.
     0 | D:1      | Reached XP level 1. HP: 14/14 MP: 5/5
   497 | D:1      | Reached XP level 2. HP: 20/20 MP: 1/7
  1321 | D:2      | Found Ymegem's Assorted Antiques.
  1524 | D:2      | Reached XP level 3. HP: 26/26 MP: 7/9
  1528 | D:2      | Learned a level 3 spell: Frozen Ramparts
  1532 | D:2      | Learned a level 3 spell: Ozocubu's Armour
  2262 | D:3      | Noticed Ijyb
  2273 | D:3      | Killed Ijyb
  2274 | D:3      | Reached XP level 4. HP: 16/33 MP: 1/10
  2431 | D:3      | Reached skill level 5 in Ice Magic
  2599 | D:3      | Reached skill level 1 in Fighting
  2951 | D:3      | Noticed a moth of wrath
  3256 | D:4      | Noticed Robin
  3262 | D:4      | Killed Robin
  3331 | D:4      | Reached XP level 5. HP: 38/41 MP: 5/11
  3433 | D:4      | Reached skill level 1 in Ranged Weapons
  3443 | D:4      | Reached skill level 2 in Ranged Weapons
  3722 | D:4      | Noticed Eustachio
  3735 | D:4      | Reached skill level 3 in Ranged Weapons
  3748 | D:4      | Reached XP level 6. HP: 10/48 MP: 9/12
  3758 | D:4      | Killed Eustachio
  3759 | D:4      | Reached skill level 4 in Ranged Weapons
  4105 | D:5      | Entered Level 5 of the Dungeon
  4116 | D:5      | Reached XP level 7. HP: 55/57 MP: 8/14
  4327 | D:5      | Noticed Pikel
  4335 | D:5      | Killed Pikel
  4336 | D:5      | Reached skill level 6 in Ranged Weapons
  4393 | D:5      | Found a staircase to the Ecumenical Temple.
  4408 | Temple   | Entered the Ecumenical Temple
  4522 | D:5      | Noticed Dowan
  4525 | D:5      | Noticed Duvessa
  4543 | D:5      | Killed Duvessa
  4544 | D:5      | Reached XP level 8. HP: 14/63 MP: 4/15
  4545 | D:5      | Killed Dowan
  4546 | D:5      | Reached skill level 7 in Ranged Weapons
  4920 | D:2      | Bought a scroll labelled KUSYBLUNUM for 22 gold pieces
  4920 | D:2      | Bought a scroll labelled PALIGURGHACK for 22 gold pieces
  4920 | D:2      | Bought a scroll labelled TEPUOPT QIUTUL for 22 gold pieces
  5191 | D:6      | Noticed Maggie
  5217 | D:6      | Killed Maggie
  5218 | D:6      | Reached skill level 8 in Ranged Weapons
  5743 | D:6      | Noticed a two-headed ogre
  5758 | D:6      | HP: 3/66 [two-headed ogre/+0 giant club (19)]
  5761 | D:6      | Slain by a two-headed ogre

Illustrated notes

Levels and vault maps discovered:
D:1:      psy_arrival_basics, layout_loops_ring, hangedman_decor_clover_reticule
D:2:      layout_loops_ring, basic_altar, serial_shops, shop
D:3:      kennysheep_goblin_castle, layout_basic, lemuel_round_altar, tgw_trog,
          mainiacjoe_overflow_divided_tiny, dk_noncrumbling_2
D:4:      layout_basic, evilmike_ruin_ashenzari, uniq_robin, uniq_eustachio
D:5:      layout_rooms, elyvilon_altar_5, xom_butterflies,
          amcnicky_altar_gilded, chequers_temple_overflow_statue_of_worship,
          minmay_temple_entry_crystal_x, uniq_pikel, uniq_duvessa
D:6:      minmay_chambers_of_sixes, layout_rooms, yredelemnul_altar_generic,
          vehumet_altar_wand_db, uniq_maggie
Temple:   hellmonk_temple_beads

Skill      XL: |  1  2  3  4  5  6  7  8 |
---------------+-------------------------+-----
Ice Magic      | 4 5 6 |  6.0
Spellcasting   | 2 3 |  3.0
Fighting       | 2 3 |  3.8
Ranged Weapons | 3 4 6 8 |  8.0
Dodging        | 2 3 |  3.0
Stealth        | 2 3 |  3.0

Action                     |  1- 3 |  4- 6 |  7- 9 || total
---------------------------+-------+-------+-------++-------
  Melee: Dagger            |     5 |       |       ||     5
   Fire: Sling             |    66 |   136 |   144 ||   346
   Cast: Freeze            |    37 |    13 |     4 ||    54
         Frozen Ramparts   |     1 |    21 |    27 ||    49
         Ozocubu's Armour  |     1 |     8 |    12 ||    21
    Use: Potion            |     1 |     4 |     4 ||     9
         Scroll            |       |       |     4 ||     4
 Armour: Robe              |     9 |    16 |       ||    25
         Leather armour    |       |     7 |    14 ||    21
         Skin              |       |     7 |       ||     7
         Swamp dragon scal |       |       |    27 ||    27
  Dodge: Dodged            |    22 |    36 |    73 ||   131

Table legend: (Time is in decaauts)
 A = Elapsed time spent in this place.
 B = Non-inter-level travel time spent in this place.
 C = Inter-level travel time spent in this place.
 D = Time resting spent in this place.
 E = Time spent auto-exploring this place.
 F = Levels seen in this place.
 G = Mean time per level.
                   A        B        C        D        E       F      G
               +--------+--------+--------+--------+--------+-----+--------+
         Total |   5850 |   5374 |    476 |   1083 |   2767 |   7 |  835.7 |
       Dungeon |   5830 |   5354 |    476 |   1083 |   2767 |   6 |  971.7 |
        Temple |     19 |     19 |      0 |      0 |      0 |   1 |   19.0 |
               +--------+--------+--------+--------+--------+-----+--------+

Top non-repeatable levels by time:
     D:3: 1493 daAuts
     D:1: 1074 daAuts
     D:4: 977 daAuts
     D:2: 853 daAuts
     D:5: 740 daAuts
     D:6: 690 daAuts
  Temple: 19 daAuts
